 Dungeon Crawl Stone Soup version 0.15.0-11-g6f4f891 (webtiles) character file.

1418 RobertPalmer the Summoner (level 8, -1/46 HPs)
             Began as an Octopode Summoner on Aug 31, 2014.
             Was a Follower of Ashenzari.
             Slain by a seven-headed hydra (16 damage)
             ... on Level 8 of the Dungeon.
             The game lasted 00:36:40 (8423 turns).

RobertPalmer the Summoner (Octopode Summoner)       Turns: 8423, Time: 00:36:40

HP  -1/46        AC  3     Str 12      XL: 8   Next: 71%
MP  11/13        EV 14     Int 19      God: Ashenzari [*.....]
Gold 353         SH  0     Dex 13      Spells:  2 memorised,  7 levels left

rFire  . . .     SeeInvis +     a - +2 dagger (venom)
rCold  . . .     Clarity  +     (no shield)
rNeg   + . .     rCorr    .     r - +2 hat (curse)
rPois  .         rRot     .     e - cursed amulet of clarity
rElec  .         Spirit   .     t - cursed +3 ring of strength
SustAb .         Warding  .     s - cursed ring of positive energy
rMut   .         Stasis   .     E - cursed ring of see invisible
Gourm  .                        I - +2 ring of strength
MR     .....                    (no ring)
                                (no ring)
                                (no ring)
                                (no ring)

@: not resistant to hostile enchantments, fairly stealthy
A: almost no armour, amphibious, 8 rings, constrict 8, camouflage 1, gelatinous
body 1
a: Renounce Religion


You were on level 8 of the Dungeon.
You worshipped Ashenzari.
Ashenzari was aware of your devotion.
You were very hungry.

You visited 2 branches of the dungeon, and saw 9 of its levels.
You also visited: Sewer.

You collected 353 gold pieces.


Innate Abilities, Weirdness & Mutations

You cannot wear most types of armour.
You are amphibious.
You can wear up to eight rings at the same time.
You can use your tentacles to constrict many enemies at once.
Your skin changes colour to match your surroundings (Stealth).
Your rubbery body absorbs attacks (AC +1).


   Skills:
 - Level 5.0 Dodging
 - Level 2.6 Stealth
 - Level 2.0 Spellcasting
 + Level 10.2 Summonings


You had 7 spell levels left.
You knew the following spells:

 Your Spells              Type           Power        Failure   Level  Hunger
x - Call Canine Familiar  Summ           #####...     1%          3    ####...
z - Summon Small Mammal   Summ           ####         1%          1    #......

Inventory:

Hand weapons
 a - a +2 dagger of venom (weapon)
 y - the +7 trident "Okkuzeca" {holy, rElec rPois Str+1 Dex-4}
   (You found it on level 6 of the Dungeon)

   It has been blessed by the Shining One to cause great damage to the undead
   and demons.
   It affects your strength (+1).
   It affects your dexterity (-4).
   It insulates you from electricity.
   It protects you from poison.
Missiles
 l - 3 needles of confusion
 o - 35 poisoned needles
 p - 8 javelins (quivered)
Armour
 r - a cursed +2 hat (worn)
Magical devices
 B - a wand of draining (4)
 H - a wand of teleportation (5) {!d}
 J - a wand of slowing (12)
 K - a wand of magic darts (1) {unknown}
Comestibles
 c - 5 bread rations
 f - 4 meat rations
 j - 3 fruits
Scrolls
 g - 2 scrolls of curse armour
 n - a scroll of immolation {!r}
 z - 2 scrolls of teleportation
 D - 8 scrolls of identify
 F - 3 scrolls of curse weapon
 G - 4 scrolls of curse jewellery
Jewellery
 e - a cursed amulet of clarity (around mantle)
 m - an uncursed amulet of resist mutation
 s - a cursed ring of positive energy (right tentacle)
 t - a cursed +3 ring of strength (left tentacle)
 E - a cursed ring of see invisible (on tentacle)
 I - a +2 ring of strength (on tentacle)
Potions
 d - a potion of might {unknown}
 k - a potion of cure mutation
 q - a potion of restore abilities
 u - a potion of poison {!q}
 v - 2 potions of flight {unknown}
 w - a potion of degeneration {unknown}
 x - a potion of curing
 A - a potion of decay {unknown}
 C - a potion of heal wounds {unknown}
Books
 h - a book of Callings
 i - a Necronomicon {highlevel, unknown}
Magical staves
 b - an uncursed staff of conjuration

Dungeon Overview and Level Annotations

Branches:
Dungeon (8/15)             Temple (1/1) D:6
   Lair: D:8-11

Altars:
Ashenzari
Cheibriados
Dithmenos
Elyvilon
Fedhas
Makhleb
Nemelex Xobeh
Okawaru
Sif Muna
Trog
Vehumet
Xom
Yredelemnul
Zin

Annotations:
D:4 Eustachio, Grinder
D:7 3 exclusions

#.# #.# #### #.#
###.###### #.#
#......... #.# #.......
# #.# #....... #. #.# #
#....... #.. #.##.#
#....... #..##>...#
##.#.... #.D@..###
#.#.... ###.S.#
###.#.### #...# #.....#
# ##.## #.#...### #.!
.#.#.... ##..#####
.#.#.### .
#..##...##.#.#.###
...####..##_..().#....##
..........#...#.##.....#


You could see a seven-headed hydra and an adder.


Message History

Your hound bites the mummy.
The mummy hits your hound!!
Your hound dies!
The centaur skeleton hits you but does no damage.
Your hound bites the centaur skeleton.
Your hound bites the centaur skeleton. x2
Your hound bites the centaur skeleton.
The centaur skeleton hits your hound.
Your hound bites the centaur skeleton.
The centaur skeleton hits your hound.
Your hound bites the centaur skeleton.
You are feeling very hungry.
You hit the centaur skeleton.
You destroy the centaur skeleton!
Your hound bites the mummy.
The mummy is destroyed!
You feel nervous for a moment...
The curse is absorbed by Ashenzari.
You see here 6 tomahawks.
Found a stone staircase leading down.
The adder is too close now for your liking.
An adder is nearby!
An adder is nearby!
An adder is nearby!
A seven-headed hydra comes into view.
There is a stone staircase leading down here.
The seven-headed hydra roars!
The adder closely misses you. The seven-headed hydra bites you.
The seven-headed hydra bites you. x2
The seven-headed hydra bites you!
* * * LOW HITPOINT WARNING * * *
The seven-headed hydra bites you!
You die...

Action                   |  1- 3 |  4- 6 |  7- 9 || total
-------------------------+-------+-------+-------++-------
Melee: Unarmed           |    41 |       |       ||    41
       Whip              |    18 |    72 |       ||    90
       Dagger            |       |    28 |   138 ||   166
Throw: Javelin           |       |     5 |     8 ||    13
 Cast: Summon Small Mamm |    36 |     8 |    16 ||    60
       Call Canine Famil |     6 |    21 |    30 ||    57
Evoke: Wand              |       |       |     2 ||     2
  Use: Scroll            |     4 |     4 |    13 ||    21
       Potion            |       |     5 |     1 ||     6
 Stab: Sleeping          |     4 |     5 |     2 ||    11
  Eat: Chunk             |     6 |     9 |    12 ||    27
       Royal jelly       |       |       |     1 ||     1
       Beef jerky        |       |       |     1 ||     1

Vault maps used:
D:1:      shiori_arrival_elements
D:2:      grunt_decor_arrowhead, minmay_bad_closet, minmay_misc_feat_rows
D:3:      serial_co_window_serial, co_window_cross_1, co_window_paths_b,
          co_window_cross_1, co_window_corner_a, co_window_paths_a,
          co_window_broadway_c, co_window_of_opportunity_b, co_window_paths_c,
          co_window_of_opportunity_b, glass_columns_c, first_bread
D:4:      serial_shops, shop_coins, uniq_pikel, uniq_iyjb, uniq_eustachio,
          uniq_grinder
D:5:      gup_sewer_entry_bubbles, serial_shops, shop
D:6:      lemuel_zombie_altar_kikubaaqudgha, temple_statues, serial_bayou_pond_e
D:7:      cheibriados_altar_wand_db
D:8:      grunt_dithmenos_shadows, kennysheep_mini_moat,
          lemuel_coloured_pillars_altar
Temple:   temple_eino_lava_12
Sewer:    sewer_kobolds

Notes
Turn   | Place    | Note
--------------------------------------------------------------
     0 | D:1      | RobertPalmer, the Octopode Summoner, began the quest for the Orb.
     0 | D:1      | Reached XP level 1. HP: 11/11 MP: 3/3
   509 | D:1      | Reached XP level 2. HP: 9/17 MP: 1/4
  1401 | D:2      | Reached XP level 3. HP: 13/21 MP: 1/6
  1517 | D:2      | Learned a level 3 spell: Call Canine Familiar
  1581 | D:2      | Reached skill level 5 in Summonings
  2634 | D:3      | Reached XP level 4. HP: 27/27 MP: 3/7
  3274 | D:4      | Noticed Ijyb
  3280 | D:4      | Killed Ijyb
  3409 | D:4      | Noticed Grinder
  3556 | D:4      | Noticed Eustachio
  3586 | D:4      | HP: 2/27 [poison (a potion of poison)]
  3812 | D:5      | Entered Level 5 of the Dungeon
  3884 | D:5      | Noticed RobertPalmer's ghost (average OpSu)
  3899 | D:5      | Killed RobertPalmer's ghost
  3899 | D:5      | Reached skill level 7 in Summonings
  3899 | D:5      | Reached XP level 5. HP: 25/31 MP: 2/9
  3899 | D:5      | Reached XP level 6. HP: 29/36 MP: 2/10
  3971 | D:5      | Found a glowing drain.
  3979 | Sewer    | Entered a sewer
  4168 | Sewer    | Found a glowing silver altar of Zin.
  4299 | D:5      | Noticed a phantom
  4344 | D:5      | Killed a phantom
  4396 | D:5      | Reached skill level 3 in Dodging
  4471 | D:5      | Reached XP level 7. HP: 23/41 MP: 6/12
  4753 | D:5      | Got an ivory flail {flame}
  4929 | D:5      | Identified the +8 flail "Tyoschen" {flame, rElec} (You took it off an orc on level 5 of the Dungeon)
  4949 | D:5      | Found Straskois' Antique Weapon Shop.
  4965 | D:5      | Straskois' Antique Weapon Shop was a mimic.
  4979 | D:5      | Noticed an ogre
  4993 | D:5      | Killed an ogre
  4993 | D:5      | Reached skill level 8 in Summonings
  5254 | D:5      | Reached skill level 4 in Dodging
  5270 | D:5      | Noticed an ice beast
  5320 | D:5      | Noticed an ogre
  5320 | D:5      | Killed an ice beast
  5326 | D:5      | Killed an ogre
  5535 | D:6      | Got a dazzling trident
  5539 | D:6      | Identified the +7 trident "Okkuzeca" {holy, rElec rPois Str+1 Dex-4} (You found it on level 6 of the Dungeon)
  5615 | D:6      | Found a staircase to the Ecumenical Temple.
  5658 | Temple   | Entered the Ecumenical Temple
  5717 | Temple   | Became a worshipper of Ashenzari the Shackled
  6299 | D:6      | Reached XP level 8. HP: 23/46 MP: 9/13
  6305 | D:6      | Reached skill level 5 in Dodging
  7010 | D:7      | Identified a wand of teleportation {zapped: 1} (You found it on level 6 of the Dungeon)
  7148 | D:7      | Reached skill level 9 in Summonings
  7755 | D:7      | Found a snail-covered altar of Cheibriados.
  7991 | D:8      | Found a shadowy altar of Dithmenos.
  8339 | D:8      | Reached skill level 10 in Summonings
  8422 | D:8      | Noticed a seven-headed hydra
  8423 | D:8      | Slain by a seven-headed hydra

Vanquished Creatures
  A sky beast (D:7)
  A phantom (D:5)
  A centaur (D:8)
  A big kobold (D:8)
  A scorpion (D:7)
  2 crimson imps
  2 orc priests (D:4)
  A centaur skeleton (D:8)
  A giant frog skeleton (D:5)
  3 worker ants
  2 orc wizards
  A big kobold skeleton (D:6)
  4 adders
  An inept feature mimic (D:5)
  A worm (D:2)
  A giant mite (D:5)
  4 giant geckos
  An ooze (D:4)
  10 orcs
  9 bats
  A bat zombie (D:6)
  4 goblins
  7 hobgoblins
  3 jackals
  A ball python (D:5)
  3 giant cockroaches
  3 giant newts
  A giant newt skeleton (D:5)
  11 kobolds
  An orc zombie (D:6)
  A quokka (D:6)
  11 rats
  A rat skeleton (D:7)
96 creatures vanquished.

Vanquished Creatures (collateral kills)
  The ghost of RobertPalmer the Caller, an average OpSu (D:5)
  An ice beast (D:5)
  A centaur (D:6)
  2 ogres (D:5)
  A phantom (D:8)
  A big kobold (Sewer)
  A goliath beetle (D:7)
  2 orc wizards (D:5)
  2 orc priests
  An iguana (D:7)
  A quasit (D:8)
  Ijyb (D:4)
  A mummy (D:8)
  8 gnolls
  An orc skeleton (D:4)
  2 adders
  A giant mite (D:2)
  A worm (D:3)
  17 orcs
  A ball python (D:1)
  A bat (D:2)
  A giant cockroach (D:5)
  7 goblins
  5 hobgoblins
  A quokka (D:2)
  A jackal (D:6)
  7 kobolds
  A rat (D:1)
71 creatures vanquished.

Vanquished Creatures (others)
  17 hounds
  5 bats
  8 quokkas
  9 rats
39 creatures vanquished.

Grand Total: 206 creatures vanquished
